 Dungeon Crawl Stone Soup version 0.19-a0-503-g45a6586 (webtiles) character file.

9723 DungeonMaster the Fighter (level 11, 0/92 HPs)
             Began as a Demonspawn Monk on June 5, 2016.
             Was an Initiate of Gozag.
             Slain by a hill giant
             ... wielding a +0 giant club
              (27 damage)
             ... on level 10 of the Dungeon.
             The game lasted 00:36:16 (9923 turns).

DungeonMaster the Fighter (Demonspawn Monk)         Turns: 9923, Time: 00:36:17

Health: 0/92       AC: 12    Str: 15    XL:     11   Next: 26%
Magic:  13/13      EV: 18    Int: 12    God:    Gozag
Gold:   237        SH:  0    Dex: 15    Spells: 0 memorised, 10 levels left

rFire  . . .     SeeInvis +     a - +7 broad axe "Arbiter" {drain, rN+}
rCold  . . .     Gourm    .     A - +0 leather armour {rPois}
rNeg   + . .     Faith    .     (no shield)
rPois  +         Spirit   .     r - +1 helmet
rElec  .         Dismiss  .     u - +1 cloak
rCorr  .         Reflect  .     (no gloves)
SustAt .         Harm     .     (boots unavailable)
MR     +....                    f - amulet of regeneration
Stlth  ++........               n - ring of see invisible
                                m - ring of protection from magic

@: somewhat resistant to hostile enchantments, unstealthy
A: talons 3, iridescent scales 1, powered by pain 2, rot immunity
a: Potion Petition, Call Merchant, Bribe Branch, Renounce Religion


You were on level 10 of the Dungeon.
You worshipped Gozag.
Gozag was noncommittal.
You were not hungry.

You visited 2 branches of the dungeon, and saw 12 of its levels.

You collected 1460 gold pieces.
You spent 812 gold pieces at shops.
You paid 411 gold pieces to Gozag.

Inventory:

Hand Weapons
 a - the +7 broad axe "Arbiter" (weapon) {drain, rN+}
   (You found it on level 7 of the Dungeon)

   A truly terrible weapon, it drains the life of those it strikes.
   It protects you from negative energy.
 s - a +2 flail of draining
 w - the +0 blowgun of Fixation {evade, rF+ Int-5 Stlth+}
   (You bought it in a shop on level 9 of the Dungeon)

   It affects your evasion (+5 to EV).
   It affects your intelligence (-5).
   It protects you from fire.
   It makes you more stealthy.
Missiles
 e - 318 stones (quivered)
 g - 77 poisoned needles
 i - 116 bolts
 o - 6 tomahawks
 B - 152 sling bullets
 D - 108 arrows
 R - a throwing net
Armour
 k - a +2 pair of boots
 p - a +2 large shield
 r - a +1 helmet (worn)
 u - a +1 cloak (worn)
 A - a +0 leather armour of poison resistance (worn)
Rods
 q - a +0 lightning rod (8/14)
   (You found it on level 5 of the Dungeon)
Jewellery
 f - an amulet of regeneration (around neck)
 j - an uncursed ring of ice
 m - a ring of protection from magic (left hand)
 n - a ring of see invisible (right hand)
 y - an uncursed ring of flight
 H - an uncursed ring of fire
Wands
 h - a wand of acid (10/15)
 Q - a wand of confusion (24/48)
 T - a wand of slowing (38/48)
 V - a wand of iceblast (9/15)
Scrolls
 v - 3 scrolls of fog
 C - 2 scrolls of recharging
 G - 5 scrolls of teleportation
 I - 2 scrolls of amnesia
 K - 3 scrolls of magic mapping
Potions
 x - 3 potions of curing
 z - a potion of brilliance
 E - 2 potions of heal wounds
 F - 5 potions of ambrosia
 J - a potion of flight
 M - a potion of magic
 N - a potion of invisibility
 P - 2 potions of might
 W - a potion of lignification
Books
 L - a book of Enchantments

   Spells                             Type                      Level
   a - Cause Fear                     Hexes                        4
   b - Yara's Violent Unravelling     Hexes/Transmutation          5
   c - Silence                        Hexes/Air                    5
   d - Deflect Missiles               Charms/Air                   6
   e - Haste                          Charms                       6
   f - Discord                        Hexes                        8
Miscellaneous
 O - a phantom mirror
Comestibles
 b - 5 bread rations
 c - 4 meat rations
 d - 3 beef jerkies
 l - a slice of pizza
 t - 5 royal jellies


   Skills:
 * Level 10.5 Fighting
 * Level 4.7 Axes
 * Level 8.2 Armour
 * Level 9.2 Dodging
 - Level 1.7 Stealth
 - Level 3.6 Unarmed Combat
 - Level 3.5 Evocations


You had 10 spell levels left.
You didn't know any spells.

Dungeon Overview and Level Annotations

Branches:
Dungeon (11/15)            Temple (1/1) D:7             Orc (0/2) D:10
   Lair: D:8-11

Altars:
Ashenzari
Cheibriados
Dithmenos
Elyvilon
Fedhas
Gozag
Hepliaklqana
Kikubaaqudgha
Makhleb
Nemelex Xobeh
Okawaru
Pakellas
Qazlal
Ru
Sif Muna
Trog
Uskayaw
Vehumet
Xom
Yredelemnul
Zin
The Shining One

Shops:
D:9 (   D:10 *

Portals:
Trove: D:10 (show abyssal rune of Zot)

Annotations:
D:11 Erolcha


Innate Abilities, Weirdness & Mutations

You have claws for feet.
You are partially covered in iridescent scales. (AC +4)
You sometimes gain power by taking damage.
You are immune to rotting.


Message History

There is a stone staircase leading up here.
The helpless hill giant fails to defend itself.
You slash the hill giant!
The hill giant is lightly wounded.
The hill giant misses you. The hill giant barely misses you.
You climb upwards.
There is a stone staircase leading down here.
You barely miss the hill giant.
The hill giant is lightly wounded.
The hill giant hits you with a giant club!!
You slice the hill giant!! Your kick misses the hill giant.
The hill giant is moderately wounded.
The hill giant hits you with a giant club!!
* * * LOW HITPOINT WARNING * * *
You slash the hill giant! You drain the hill giant!
The hill giant is severely wounded.
The hill giant hits you with a giant club!!
You die...
Your body crumbles into a pile of gold.

#.....######............)........
.....................)[..........
#.....######..........)..........
................>................
.......#.............###...##...#
.......#.............# ##..######
...................[.####..######
......###........................
................@................
.#............)..C...............
.#.........###.###...............
...........###)###.........###.##
#..........##..............###...
#........##...#.............#####
#.#...##....................)..#
#.#.#######.#...........<..###.##
....#####........................


You could see a hill giant.

Vanquished Creatures
  An ice dragon (D:10)
  An unseen horror (D:10)
  2 hill giants
  Pikel (D:4)
  An ugly thing (D:9)
  A queen bee (D:9)
  Grinder (D:6)
  Sigmund (D:5)
  3 yaks (D:5)
  Eustachio (D:5)
  A wyvern (D:8)
  Menkaure (D:5)
  2 water moccasins
  Edmund (D:5)
  2 ice beasts
  An orc warrior (D:10)
  A phantom (D:5)
  A swamp drake (D:10)
  2 sky beasts
  3 ogres
  2 centaurs
  Blork the orc (D:6)
  3 giant frogs
  A wyvern zombie (D:9)
  5 scorpions
  A water moccasin skeleton (D:4)
  24 killer bees
  3 howler monkeys (D:10)
  5 crimson imps
  3 giant frog zombies
  3 centaur zombies
  A quasit (D:10)
  6 hounds
  2 centaur skeletons
  3 jellies
  7 orc priests
  5 iguanas
  6 worker ants
  13 orc wizards
  A hound zombie (D:6)
  2 worker ant zombies
  Robin (D:3)
  A howler monkey zombie (D:8)
  8 adders
  4 gnolls (D:8)
  4 oozes
  An adder zombie (D:7)
  An adder skeleton (D:8)
  2 worms (D:3)
  2 dart slugs
  2 giant geckos
  44 orcs
  8 bats
  3 giant cockroaches
  14 goblins
  8 hobgoblins
  14 jackals
  A quokka (D:2)
  5 ball pythons
  A giant gecko skeleton (D:6)
  5 giant newts
  4 kobolds
  8 rats
266 creatures vanquished.

Vanquished Creatures (others)
  A slave (D:4)
  An ogre (D:4)
  A giant frog skeleton (D:4)
3 creatures vanquished.

Grand Total: 269 creatures vanquished

Notes
Turn   | Place    | Note
--------------------------------------------------------------
     0 | D:1      | DungeonMaster the Demonspawn Monk began the quest for the Orb.
     0 | D:1      | Reached XP level 1. HP: 18/18 MP: 1/1
   359 | D:1      | Gained mutation: You sometimes gain a little power by taking damage. [demonic ancestry]
   359 | D:1      | Reached XP level 2. HP: 24/24 MP: 2/2
  1012 | D:1      | Reached XP level 3. HP: 24/30 MP: 3/3
  1204 | D:2      | Reached skill level 4 in Fighting
  1593 | D:2      | Found a shimmering altar of Xom.
  1594 | D:2      | Found a hazy altar of Hepliaklqana.
  1594 | D:2      | Noticed a hell beast
  1607 | D:2      | Noticed a spectral ugly thing
  1607 | D:2      | Noticed a hell beast
  1980 | D:3      | Noticed a giant frog
  2002 | D:3      | Killed a giant frog
  2002 | D:3      | Gained mutation: You sometimes gain power by taking damage. [demonic ancestry]
  2002 | D:3      | Reached XP level 4. HP: 36/38 MP: 4/4
  2141 | D:2      | Reached XP level 5. HP: 31/43 MP: 5/5
  2144 | D:2      | Reached skill level 5 in Fighting
  2440 | D:3      | Noticed Robin
  2509 | D:3      | Killed Robin
  2509 | D:3      | Reached XP level 6. HP: 42/51 MP: 6/6
  2840 | D:3      | Reached skill level 1 in Armour
  3292 | D:4      | Noticed a slave
  3292 | D:4      | Noticed a slave
  3293 | D:4      | Noticed Pikel
  3293 | D:4      | Noticed a slave
  3295 | D:4      | Noticed a slave
  3297 | D:4      | Killed Pikel
  3297 | D:4      | Reached skill level 6 in Fighting
  3297 | D:4      | Reached skill level 5 in Dodging
  3297 | D:4      | Gained mutation: You have sharp toenails. [demonic ancestry]
  3297 | D:4      | Reached XP level 7. HP: 59/59 MP: 7/7
  3663 | D:5      | Entered Level 5 of the Dungeon
  3724 | D:5      | Reached skill level 7 in Fighting
  3724 | D:5      | Gained mutation: You have razor-sharp toenails. [demonic ancestry]
  3724 | D:5      | Reached XP level 8. HP: 64/67 MP: 8/8
  3935 | D:5      | Noticed Eustachio
  4296 | D:5      | Killed Eustachio
  4404 | D:5      | Reached skill level 8 in Fighting
  4407 | D:5      | Found a shadowy altar of Dithmenos.
  4439 | D:5      | Reached skill level 5 in Armour
  4466 | D:5      | Noticed Menkaure
  4469 | D:5      | Killed Menkaure
  4476 | D:5      | Noticed Sigmund
  4608 | D:4      | Gained mutation: You are partially covered in iridescent scales. (AC +4) [demonic ancestry]
  4608 | D:4      | Reached XP level 9. HP: 74/74 MP: 9/9
  4915 | D:5      | Killed Sigmund
  5177 | D:5      | Noticed Edmund
  5181 | D:5      | Killed Edmund
  5181 | D:5      | Reached skill level 1 in Evocations
  5653 | D:6      | Found a stormy altar of Qazlal.
  5713 | D:6      | Noticed Blork the orc
  5718 | D:6      | Killed Blork the orc
  5730 | D:6      | Noticed Grinder
  5742 | D:6      | Paralysed by Grinder for 6 turns
  5766 | D:6      | Killed Grinder
  6252 | D:7      | Reached skill level 9 in Fighting
  6309 | D:7      | Found a bloodstained altar of Trog.
  6310 | D:7      | Found a white marble altar of Elyvilon.
  6310 | D:7      | Found a blossoming altar of Fedhas.
  6310 | D:7      | Found a shattered altar of Ashenzari.
  6313 | D:7      | Got a translucent broad axe
  6314 | D:7      | Found an oddly glowing altar of Pakellas.
  6316 | D:7      | Identified the +7 broad axe "Arbiter" {drain, rN+} (You found it on level 7 of the Dungeon)
  6318 | D:7      | Found a shadowy altar of Dithmenos.
  6432 | D:7      | Found a staircase to the Ecumenical Temple.
  6577 | Temple   | Entered the Ecumenical Temple
  6636 | Temple   | Became a worshipper of Gozag Ym Sagoz the Greedy
  6932 | D:8      | Reached skill level 1 in Axes
  6932 | D:8      | Gained mutation: You are immune to rotting. [demonic ancestry]
  6932 | D:8      | Reached XP level 10. HP: 83/83 MP: 12/12
  7094 | D:8      | Noticed a hill giant
  7103 | D:8      | Killed a hill giant
  7538 | D:8      | Found a glowing silver altar of Zin.
  8428 | D:9      | Noticed a white ugly thing
  8604 | D:9      | Killed a cyan ugly thing
  8604 | D:9      | Reached skill level 10 in Fighting
  8711 | D:9      | Bought a jewelled blowgun for 150 gold pieces
  8711 | D:9      | Identified the cursed +0 blowgun of Fixation {evade, rF+ Int-5 Stlth+} (You bought it in a shop on level 9 of the Dungeon)
  8717 | D:10     | Entered Level 10 of the Dungeon
  8814 | D:10     | Killed an unseen horror
  9198 | D:10     | Noticed an ice dragon
  9201 | D:10     | Reached XP level 11. HP: 88/91 MP: 13/13
  9219 | D:10     | Killed an ice dragon
  9620 | D:10     | Found a staircase to the Orcish Mines.
  9775 | D:10     | Noticed a hill giant
  9784 | D:10     | Killed a hill giant
  9790 | D:10     | Found Tachudep's Assorted Antiques.
  9815 | D:10     | Bought a bubbling black potion for 27 gold pieces
  9815 | D:10     | Bought a glass wand for 124 gold pieces
  9815 | D:10     | Bought a potion of might for 124 gold pieces
  9815 | D:10     | Bought a scroll of identify for 62 gold pieces
  9815 | D:10     | Bought a scroll of magic mapping for 108 gold pieces
  9815 | D:10     | Bought a runed iron wand for 124 gold pieces
  9815 | D:10     | Bought a potion of lignification for 93 gold pieces
  9817 | D:10     | Gained mutation: You have claws for feet. [potion of beneficial mutation]
  9842 | D:10     | Found a portal to a secret trove of treasure.
  9917 | D:11     | Noticed Erolcha
  9917 | D:11     | Noticed a hill giant
  9923 | D:10     | Slain by a hill giant

Vault maps used:
D:1:      dpeg_arrival_radiant, st_stairs_9
D:2:      regret_index_temple_of_mockery, serial_forest,
          infiniplex_forest_lined_4_way, infiniplex_forest_end_1,
          infiniplex_forest_clump_double, infiniplex_forest_lined_room_2,
          infiniplex_forest_end_3
D:3:      uniq_robin
D:4:      minmay_misc_feat_plants, uniq_pikel
D:5:      first_bread, basic_altar, serial_co_window_serial,
          co_window_of_opportunity_a, co_window_of_opportunity_a,
          co_window_paths_a, co_window_corner_a, co_window_of_opportunity_a,
          co_window_corner_ca, co_window_2corner, co_window_of_opportunity_b,
          co_window_broadway_b, glass_columns_a, glass_columns_c,
          glass_columns_c, glass_columns_a, glass_columns_c, uniq_menkaure,
          uniq_sigmund, uniq_edmund, uniq_eustachio
D:6:      grunt_qazlal_sundering, uniq_blork_the_orc, uniq_grinder
D:7:      minitemple, minmay_temple_entry_statues_pillars
D:8:      zin_statuary
D:9:      david_nohive_1
D:10:     dragon1_lemuel, erik_orc_1, serial_shops, shop,
          nicolae_trove_entry_columns, kennysheep_generic_room_8
D:11:     grunt_lair_entry_orc_guard_hut, serial_shops, shop, basic_altar,
          nicolae_barding_shop, uniq_erolcha
Temple:   eino_temple_water_12

Skill      XL: |  1  2  3  4  5  6  7  8  9 10 11 |
---------------+----------------------------------+-----
Dodging        | 3 4 5 6 7 8 9 |  9.2
Fighting       | 4 5 6 7 8 9 10 | 10.5
Armour         | 3 5 6 7 8 |  8.2
Evocations     | 3 |  3.5
Axes           | 1 4 |  4.7
Stealth        | |  1.7
Unarmed Combat | |  3.6

Action                   |  1- 3 |  4- 6 |  7- 9 | 10-12 || total
-------------------------+-------+-------+-------+-------++-------
Melee: Unarmed           |   168 |   355 |   239 |       ||   762
       Punch             |     1 |     2 |     6 |     5 ||    14
       Flail             |       |       |   139 |       ||   139
       Broad axe         |       |       |    32 |   298 ||   330
       Kick              |       |       |       |     1 ||     1
Throw: Stone             |       |       |       |     4 ||     4
       Tomahawk          |       |       |       |     1 ||     1
Invok: Call Merchant     |       |       |       |     1 ||     1
Evoke: Wand              |       |     7 |     3 |     3 ||    13
       Rod               |       |       |    25 |     3 ||    28
  Use: Scroll            |     8 |     3 |     9 |    10 ||    30
       Potion            |     4 |     1 |     1 |     6 ||    12
 Stab: Sleeping          |     3 |       |     2 |     2 ||     7
       Distracted        |       |       |     1 |     4 ||     5
  Eat: Chunk             |     3 |     6 |     9 |       ||    18
       Royal jelly       |       |       |     1 |     2 ||     3
       Beef jerky        |       |       |     2 |     3 ||     5
       Bread ration      |       |       |       |     1 ||     1
Armor: Robe              |    31 |       |       |       ||    31
       Leather armour    |     5 |    41 |   113 |   152 ||   311
       Scale mail        |       |    81 |    82 |       ||   163
       Skin              |       |       |       |    50 ||    50
Dodge: Dodged            |   145 |   159 |   412 |   376 ||  1092
